[Event "Titled Tuesday Blitz January 03 Early 2023"]
[White "Galchenko, Matvey"]
[Black "Matinian, Nikita"]
[WhiteFideId "24175480"]
[BlackFideId "24129100"]
[WhiteElo "2438"]
[BlackElo "2407"]
[Result "0-1"]
[Round "11"]
[TimeControl "180+2"]
[Date "2023.01.03"]
[WhiteClock "0:00:03"]
[BlackClock "0:00:04"]

1. f4 d5 2. Nf3 g6 3. g3 Bg7 4. Bg2 Nf6 5. O-O O-O 6. d3 c6 7. Nc3 b5 8. a3 Qb6+ 9. e3 Nbd7 10. Qe2 a5 11. h3 Bb7 12. Kh2 b4 13. Nd1 Rae8 14. axb4 axb4 15. e4 e5 16. fxe5 Nxe5 17. Nxe5 Rxe5 18. Be3 c5 19. Qf2 dxe4 20. d4 Rh5 21. dxc5 Qe6 22. Kg1 Rxh3 23. Bxh3 Qxh3 24. Qg2 Qh5 25. Ra7 Bd5 26. Qh1 Qe5 27. Qh4 Bc4 28. Re1 Qd5 29. Bf2 Bb5 30. Ne3 Qxc5 31. Ng4 Qf5 32. Nxf6+ Bxf6 33. Qf4 Bxb2 34. Qxe4 Qc8 35. Qb7 Qxc2 36. Qxb5 Bc3 37. Qe2 Qf5 38. Rf1 b3 39. Rb7 b2 40. Be3 Qe4 41. Rb3 Bd4 42. Qf2 Bg7 43. Bf4 h5 44. Qg2 Qd4+ 45. Kh2 Rc8 46. Rb7 Qd3 47. Rf2 b1=Q 48. Rxb1 Qxb1 49. Qh3 Rc2 50. Qg2 Rxf2 51. Qxf2 Qf5 52. Qe2 Qe6 53. Qd3 Be5 54. Bh6 Kh7 55. Bg5 Qg4 56. Qe3 Qf5 57. Be7 Bf6 58. Bd6 h4 59. gxh4 Bxh4 60. Kg2 Bf6 61. Bg3 Qg5 62. Qb3 Kg7 63. Kf2 Be5 64. Kf3 Qxg3+ 0-1


[Site "https://www.chess.com"]

[Event "Titled Tuesday Blitz January 03 Early 2023"]
[White "Kopylov, Alexander A."]
[Black "Csonka, Balazs"]
[WhiteFideId "4164857"]
[BlackFideId "742910"]
[WhiteElo "2397"]
[BlackElo "2496"]
[Result "1/2-1/2"]
[Round "11"]
[TimeControl "180+2"]
[Date "2023.01.03"]
[WhiteClock "0:00:18"]
[BlackClock "0:00:04"]

1. e4 Nf6 2. d3 d5 3. Nd2 e5 4. Ngf3 Nc6 5. Be2 g6 6. O-O Bg7 7. c3 a5 8. Qa4 O-O 9. b4 Nd7 10. exd5 Nb6 11. Qb5 Qxd5 12. d4 exd4 13. cxd4 axb4 14. Nb3 Be6 15. Bf4 Qxb5 16. Bxb5 Nd5 17. Bg3 Nc3 18. Bxc6 bxc6 19. Bxc7 Rxa2 20. Nc5 Bc4 21. Rxa2 Nxa2 22. Rb1 Rc8 23. Bd6 Bd5 24. Ne5 Ra8 25. h3 Bf8 26. Bxf8 Kxf8 27. Ned3 Kg7 28. Nxb4 Rb8 29. Nca6 Rb6 30. Rb2 Bc4 31. Rc2 Bxa6 32. Nxa2 Bd3 33. Rd2 Bc4 34. Nc3 Rb3 35. Ne4 Bd5 36. Nc5 Rb1+ 37. Kh2 Rc1 38. f3 Rc3 39. Nd3 Rc4 40. Ne5 Rc3 41. Kg3 Be6 42. h4 h5 43. Kf4 Bd5 44. Nd3 f6 45. g4 hxg4 46. fxg4 Kf7 47. g5 Ra3 48. Rd1 Rc3 49. Ke3 fxg5 50. hxg5 Ke6 51. Kd2 Rc4 52. Re1+ Kf5 53. Re5+ Kg4 54. Ke3 Rc3 55. Kd2 Rc4 56. Ke3 Rc3 57. Kd2 Rc4 1/2-1/2


[Site "https://www.chess.com"]

[Event "Titled Tuesday Blitz January 03 Early 2023"]
[White "Putnam, Liam"]
[Black "Tologon tegin, Semetei"]
[WhiteFideId "30938279"]
[BlackFideId "13800574"]
[WhiteElo "2285"]
[BlackElo "2372"]
[Result "0-1"]
[Round "11"]
[TimeControl "180+2"]
[Date "2023.01.03"]
[WhiteClock "0:00:20"]
[BlackClock "0:00:28"]

1. e4 e5 2. Nf3 Nc6 3. Bb5 a6 4. Ba4 Nf6 5. O-O Be7 6. Re1 b5 7. Bb3 d6 8. c3 Bg4 9. h3 Bh5 10. d4 Bxf3 11. Qxf3 exd4 12. Bd5 Nxd5 13. exd5 Ne5 14. Qg3 O-O 15. cxd4 Ng6 16. Nc3 Bf6 17. Be3 Re8 18. Rac1 Qd7 19. Ne2 Rac8 20. Nf4 Qf5 21. Nxg6 hxg6 22. Qf3 Qd3 23. Red1 Qe4 24. Qxe4 Rxe4 25. Rc6 a5 26. Ra6 a4 27. Ra5 Rb8 28. Ra7 Re7 29. Rc1 Kf8 30. Raxc7 Rxc7 31. Rxc7 Ke8 32. Bf4 Be7 33. Rc6 Kd7 34. Kf1 g5 35. Bd2 Bd8 36. Bb4 Bc7 37. Ke2 Rb6 38. Rxc7+ Kxc7 39. Ba5 Kb7 40. Bxb6 Kxb6 41. Kd3 f5 42. g4 f4 43. Kc3 Ka5 44. b4+ Kb6 45. Kd3 Kc7 46. Ke4 g6 47. h4 gxh4 48. Kxf4 g5+ 49. Kf3 Kd7 50. Kg2 Ke7 51. Kh3 Kf6 52. f3 Kg6 53. Kg2 a3 54. Kf2 Kf6 55. Ke3 Kg6 56. f4 gxf4+ 57. Kxf4 Kf6 58. g5+ Kg6 59. Kg4 h3 60. Kxh3 Kxg5 61. Kg3 Kf5 62. Kf3 Kg5 63. Ke4 Kg4 64. Kd3 Kf3 65. Kc3 Ke4 66. Kb3 Kxd4 67. Kxa3 Kc4 68. Kb2 Kxb4 69. a3+ Kc4 70. Kc2 Kxd5 71. Kb3 Kc5 72. Kb2 Kc4 73. Kc2 d5 74. Kb2 d4 75. Kc2 d3+ 76. Kb2 Kd4 77. Kc1 Kc3 78. Kd1 d2 0-1


[Site "https://www.chess.com"]

[Event "Titled Tuesday Blitz January 03 Early 2023"]
[White "Preotu, Razvan"]
[Black "Lazavik, Denis"]
[WhiteFideId "2613280"]
[BlackFideId "13515110"]
[WhiteElo "2475"]
[BlackElo "2544"]
[Result "1-0"]
[Round "11"]
[TimeControl "180+2"]
[Date "2023.01.03"]
[WhiteClock "0:00:30"]
[BlackClock "0:00:08"]

1. e4 c5 2. Nf3 e6 3. c3 Nf6 4. e5 Nd5 5. d4 cxd4 6. cxd4 d6 7. Bc4 Be7 8. O-O O-O 9. Qe2 Nc6 10. Nc3 Nxc3 11. bxc3 dxe5 12. dxe5 Qc7 13. Bd3 b6 14. Re1 Bb7 15. Ng5 Bxg5 16. Bxg5 Ne7 17. Qh5 Nf5 18. Bxf5 exf5 19. Re3 Qc6 20. Rg3 Kh8 21. Be7 f4 22. Rxg7 Kxg7 23. Bf6+ Qxf6 24. exf6+ Kxf6 25. Qh6+ Kf5 26. Qxh7+ Kf6 27. Qh6+ Kf5 28. g3 f3 29. h4 Rg8 30. Rd1 Rae8 31. Rd6 Re6 32. Rxe6 fxe6 33. Qh7+ 1-0


[Site "https://www.chess.com"]

[Event "Titled Tuesday Blitz January 03 Early 2023"]
[White "Oparin, Grigoriy"]
[Black "Sychev, Klementy"]
[WhiteFideId "24125890"]
[BlackFideId "4114060"]
[WhiteElo "2667"]
[BlackElo "2547"]
[Result "1-0"]
[Round "11"]
[TimeControl "180+2"]
[Date "2023.01.03"]
[WhiteClock "0:00:08"]
[BlackClock "0:00:01"]

1. b3 d5 2. Bb2 Nf6 3. e3 Bf5 4. Nf3 h6 5. d4 e6 6. Bd3 Bd6 7. O-O O-O 8. c4 c6 9. Nc3 Nbd7 10. Qc2 Bg4 11. Nd2 e5 12. cxd5 exd4 13. exd4 cxd5 14. h3 Bh5 15. Rfe1 Rc8 16. a3 Qb6 17. g4 Qxd4 18. gxh5 Qf4 19. Nf1 d4 20. Rad1 Qg5+ 21. Kh1 Qxh5 22. Bf5 dxc3 23. Bc1 Bb8 24. Nh2 Rcd8 25. f4 Nc5 26. Rxd8 Rxd8 27. Be3 Nxb3 28. Rg1 Nd4 29. Bxd4 Rxd4 30. Qxc3 Rd8 31. Qxf6 1-0


[Site "https://www.chess.com"]

[Event "Titled Tuesday Blitz January 03 Early 2023"]
[White "Cardoso Cardoso, Jose Gabriel"]
[Black "Dominguez Perez, Leinier"]
[WhiteFideId "4430492"]
[BlackFideId "3503240"]
[WhiteElo "2492"]
[BlackElo "2739"]
[Result "1/2-1/2"]
[Round "11"]
[TimeControl "180+2"]
[Date "2023.01.03"]
[WhiteClock "0:00:04"]
[BlackClock "0:00:07"]

1. d4 d5 2. Nc3 Nf6 3. Bf4 c5 4. e3 cxd4 5. exd4 a6 6. Nf3 Bg4 7. Be2 Nc6 8. Ne5 Bxe2 9. Nxe2 e6 10. c3 Be7 11. O-O O-O 12. Nd3 a5 13. a4 Qb6 14. Nec1 Nd7 15. Qb3 Qxb3 16. Nxb3 Rfc8 17. Rfe1 g6 18. h3 Ra7 19. Re2 b6 20. g4 Rb7 21. Nd2 b5 22. axb5 Rxb5 23. Nf3 Nb6 24. Kg2 Nc4 25. h4 Rd8 26. h5 Rd7 27. hxg6 hxg6 28. Bg3 Rdb7 29. Ra2 Rb3 30. Nd2 Nxd2 31. Rxd2 g5 32. Kf1 Ra7 33. Ra4 Rb5 34. Ke2 Nb8 35. Bxb8 Rxb8 36. f3 Kg7 37. Rd1 Rh8 38. Rf1 Bd6 39. Kd2 Bc7 40. Kc2 Rb7 41. Rf2 Rh1 42. Nc5 Rb5 43. Nd3 Bd6 44. Nc1 Kg6 45. Nd3 f5 46. Re2 Kf6 47. Rf2 Rg1 48. Ra2 Bg3 49. Re2 Bd6 50. Rf2 Rh1 51. Ra4 Rh3 52. Ra1 Bf4 53. Re1 Bd6 54. Rfe2 Bg3 55. Rxe6+ Kf7 56. Re7+ Kf8 57. Re8+ Kf7 58. R1e7+ Kf6 59. Re6+ Kf7 60. R8e7+ Kf8 61. Re8+ Kf7 62. gxf5 Rh2+ 63. Re2 Rxe2+ 64. Rxe2 Kf6 65. Rg2 Bd6 66. Re2 Kxf5 67. Rg2 Rb8 68. Rg4 Re8 69. Rg2 Re3 70. Rf2 Bg3 71. Rf1 Re2+ 72. Kb3 Rd2 73. Nc5 Kf4 74. Ne6+ Kf5 75. Nc5 Kf4 76. Ne6+ Kf5 77. Nc5 1/2-1/2


[Site "https://www.chess.com"]

[Event "Titled Tuesday Blitz January 03 Early 2023"]
[White "Goryachkina, Aleksandra"]
[Black "Kamsky, Gata"]
[WhiteFideId "4147103"]
[BlackFideId "2000024"]
[WhiteElo "2571"]
[BlackElo "2665"]
[Result "0-1"]
[Round "11"]
[TimeControl "180+2"]
[Date "2023.01.03"]
[WhiteClock "0:00:01"]
[BlackClock "0:00:18"]

1. e4 c5 2. Nf3 e6 3. c3 Nf6 4. e5 Nd5 5. d4 cxd4 6. cxd4 b6 7. Nc3 Nxc3 8. bxc3 Ba6 9. Bxa6 Nxa6 10. O-O Be7 11. Qd3 Nc7 12. c4 d5 13. exd6 Qxd6 14. a4 O-O 15. Ba3 Qd8 16. Bxe7 Qxe7 17. a5 h6 18. Ne5 Qd6 19. h3 Rad8 20. axb6 axb6 21. Qf3 b5 22. Nc6 bxc4 23. Nxd8 Rxd8 24. Ra7 c3 25. Rc1 Rf8 26. Rxc7 Qxc7 27. Qxc3 Qd7 28. Qc5 Rd8 29. Rc4 Qb7 30. Rb4 Qe4 31. Qc3 Ra8 32. Rc4 Ra2 33. Qe3 Qf5 34. Rc1 Ra8 35. Rd1 Rd8 36. Qc3 g5 37. Qe3 Rd5 38. Rc1 Kg7 39. Re1 Qf6 40. Rd1 e5 41. Qe4 Qd6 42. Re1 exd4 43. Qd3 Qf6 44. g3 h5 45. Kg2 h4 46. g4 Rc5 47. Re4 Rd5 48. Kg1 Rd6 49. Kg2 Kf8 50. Kg1 Rd5 51. Kg2 Qd6 52. Kg1 Qc5 53. Kg2 Kg7 54. Kg1 Qc3 55. Qxc3 dxc3 56. Rc4 Rd1+ 57. Kg2 Rc1 58. Rc5 f6 59. Rc7+ Kf8 60. Kh2 Ke8 61. Kg2 Kd8 62. Rc6 Ke7 63. Kh2 Kd7 64. Rc4 Kd6 65. Kg2 Kd5 66. Rc8 Kd4 67. Rd8+ Kc4 68. Rc8+ Kb3 69. Rb8+ Kc2 70. Rf8 Rd1 71. Rxf6 Kb2 72. Rb6+ Ka3 73. Rc6 Kb4 74. Rb6+ Kc5 75. Rb8 Rd3 76. Rc8+ Kb4 77. Rb8+ Ka3 78. Rc8 Kb2 79. Rb8+ Kc1 80. Rb5 c2 81. Rc5 Kd2 0-1


[Site "https://www.chess.com"]

[Event "Titled Tuesday Blitz January 03 Early 2023"]
[White "Ibarra Jerez, Jose Carlos"]
[Black "Dragnev, Valentin"]
[WhiteFideId "2226332"]
[BlackFideId "1634852"]
[WhiteElo "2563"]
[BlackElo "2593"]
[Result "1-0"]
[Round "11"]
[TimeControl "180+2"]
[Date "2023.01.03"]
[WhiteClock "0:00:18"]
[BlackClock "0:00:06"]

1. e4 e5 2. Nf3 Nf6 3. Nxe5 d6 4. Nc4 Nxe4 5. Qe2 Qe7 6. Ne3 Nf6 7. b3 Be6 8. Bb2 Nbd7 9. c4 g6 10. Nc3 c6 11. d4 d5 12. cxd5 Nxd5 13. Nexd5 cxd5 14. Nb5 Rc8 15. Qe3 a6 16. Ba3 Qd8 17. Nd6+ Bxd6 18. Bxd6 Rc6 19. Bb4 Qb6 20. Qd2 Bf5 21. Be2 Rc2 22. Qe3+ Be6 23. Ba3 Qa5+ 24. b4 Qc7 25. Rc1 O-O 26. O-O Ra8 27. Bd3 Rxc1 28. Rxc1 Qd6 29. h4 Nb6 30. h5 Nc4 31. Bxc4 dxc4 32. d5 Qxd5 33. h6 f6 34. Bb2 Kf7 35. Qf4 Qf5 36. Qc7+ Bd7 37. Rd1 Ke8 38. Qxc4 Qe6 39. Qc7 Rc8 40. Qxb7 Rc2 41. Bd4 Qc6 42. Qb8+ Kf7 43. Qh8 Rc1 44. Qg7+ Ke8 45. Qg8+ Ke7 46. Bc5+ Qxc5 47. bxc5 Rxd1+ 48. Kh2 Rc1 49. Qxh7+ Ke6 50. Qg8+ Ke7 51. h7 1-0


[Site "https://www.chess.com"]

[Event "Titled Tuesday Blitz January 03 Early 2023"]
[White "Yeletsky, Ivan"]
[Black "Antonica, Dragos-Andrei"]
[WhiteFideId "24180327"]
[BlackFideId "1246372"]
[WhiteElo "2494"]
[BlackElo "2373"]
[Result "0-1"]
[Round "11"]
[TimeControl "180+2"]
[Date "2023.01.03"]
[WhiteClock "0:00:02"]
[BlackClock "0:00:30"]

1. e4 e6 2. d4 d5 3. Nd2 c5 4. Ngf3 cxd4 5. Nxd4 Nc6 6. Bb5 Bd7 7. Nxc6 bxc6 8. Bd3 Bd6 9. c4 Ne7 10. Qe2 Qc7 11. Nf3 e5 12. O-O d4 13. c5 Bxc5 14. Bg5 f6 15. Bd2 O-O 16. Bc4+ Kh8 17. Ne1 Bd6 18. Nd3 f5 19. f3 Be8 20. Rae1 fxe4 21. fxe4 Bg6 22. h4 h6 23. Qg4 Bh7 24. b3 Ng8 25. Rxf8 Rxf8 26. Nf2 Nf6 27. Qg3 Qd7 28. Bd3 Nh5 29. Qg4 Qxg4 30. Nxg4 Nf4 31. Bf1 Ne6 32. Nf2 Be7 33. g3 g5 34. hxg5 Bxg5 35. Rd1 Bxd2 36. Rxd2 Ng5 37. Bg2 Nf3+ 38. Bxf3 Rxf3 39. Kh2 Re3 40. Ng4 Rxe4 41. Nf6 Re3 42. g4 Bg6 43. Nd7 Kg7 44. Kg1 Rg3+ 45. Kf2 Re3 46. Nc5 Kf6 47. b4 Ke7 48. a4 Kd6 49. Nb7+ Kd5 50. Nc5 e4 51. Na6 Rf3+ 52. Kg2 Rf7 53. Nc5 e3 54. Rd1 Be4+ 55. Kg3 e2 56. Re1 d3 57. Nb3 Rf1 0-1


[Site "https://www.chess.com"]

[Event "Titled Tuesday Blitz January 03 Early 2023"]
[White "Orozbaev, Eldiar"]
[Black "Baskakov, Egor"]
[WhiteFideId "13802240"]
[BlackFideId "24197866"]
[WhiteElo "2235"]
[BlackElo "2215"]
[Result "0-1"]
[Round "11"]
[TimeControl "180+2"]
[Date "2023.01.03"]
[WhiteClock "0:00:02"]
[BlackClock "0:00:56"]

1. e4 c5 2. c3 Nf6 3. e5 Nd5 4. d4 cxd4 5. Nf3 Nc6 6. cxd4 g6 7. Nc3 Nxc3 8. bxc3 Bg7 9. Bd3 O-O 10. O-O d6 11. exd6 Qxd6 12. h3 Rd8 13. Qe2 h6 14. Re1 e5 15. Bb2 exd4 16. cxd4 Be6 17. Bxg6 Nxd4 18. Nxd4 Bxd4 19. Bxd4 Qxd4 20. Bc2 Rac8 21. Rad1 Qf4 22. Rd3 Bc4 23. Rxd8+ Rxd8 24. Qe4 Qxe4 25. Bxe4 b6 26. a3 Rd4 27. Bf5 Kg7 28. Re7 Rd5 29. Bc2 a5 30. a4 Rd2 31. Bf5 Rb2 32. Rb7 b5 33. axb5 a4 34. Ra7 Bxb5 35. Be6 Be8 36. Bd7 Bxd7 37. Rxd7 a3 38. Ra7 a2 39. Kh2 Rxf2 40. Kg3 Rb2 41. Kf3 Kf6 42. Ra5 Ke6 43. g4 Kd6 44. Kg3 Kc6 45. h4 Kb6 46. Ra8 Kb5 47. h5 Kb4 48. g5 Rb3+ 49. Kg4 Ra3 50. Rb8+ Kc5 51. Rc8+ Kd6 52. g6 fxg6 53. hxg6 a1=Q 54. g7 Ra4+ 55. Kh5 Qh1+ 56. Kg6 Rg4+ 57. Kf6 Qf3# 0-1


[Site "https://www.chess.com"]

[Event "Titled Tuesday Blitz January 03 Early 2023"]
[White "Kanakaris, Georgios"]
[Black "Ter-Sahakyan, Samvel"]
[WhiteFideId "4209460"]
[BlackFideId "13302531"]
[WhiteElo "2391"]
[BlackElo "2617"]
[Result "0-1"]
[Round "11"]
[TimeControl "180+2"]
[Date "2023.01.03"]
[WhiteClock "0:00:09"]
[BlackClock "0:00:54"]

1. d4 Nf6 2. Nf3 d5 3. c4 e6 4. e3 b6 5. Nbd2 Bd6 6. Bd3 Bb7 7. b3 O-O 8. Bb2 Nbd7 9. O-O Ne4 10. Rc1 f5 11. Qe2 Qf6 12. cxd5 exd5 13. Ba6 Bxa6 14. Qxa6 Qh6 15. Rc2 Rae8 16. Qb7 Ndf6 17. Ne5 Re7 18. Ndf3 g5 19. Nd3 c5 20. Qa6 Ng4 21. h3 Nxe3 22. fxe3 g4 23. dxc5 bxc5 24. Nfe5 Qxe3+ 25. Nf2 g3 26. Nf3 gxf2+ 27. Rcxf2 Bg3 0-1


[Site "https://www.chess.com"]

[Event "Titled Tuesday Blitz January 03 Early 2023"]
[White "Indjic, Aleksandar"]
[Black "Averjanov, Alexey"]
[WhiteFideId "911925"]
[BlackFideId "14109867"]
[WhiteElo "2618"]
[BlackElo "2399"]
[Result "1/2-1/2"]
[Round "11"]
[TimeControl "180+2"]
[Date "2023.01.03"]
[WhiteClock "0:00:03"]
[BlackClock "0:00:02"]

1. e4 c6 2. d4 d5 3. e5 Bf5 4. h4 h5 5. Bd3 Bxd3 6. Qxd3 e6 7. Bg5 Qa5+ 8. Nd2 Qa6 9. c4 Bb4 10. b3 Ne7 11. Ne2 Nd7 12. O-O Ng6 13. Nf3 Be7 14. g3 Bxg5 15. Nxg5 Ne7 16. Nf4 Nf5 17. Qc3 g6 18. Nfxe6 fxe6 19. Nxe6 Ke7 20. Nf4 Rhg8 21. cxd5 cxd5 22. Nxd5+ Kf7 23. Rfe1 Qc6 24. e6+ Kg7 25. Qxc6 bxc6 26. Nb4 Nf6 27. Nxc6 Rgc8 28. Rac1 Rc7 29. b4 a6 30. a4 Nd5 31. Rc5 Rac8 32. b5 axb5 33. axb5 Nde7 34. d5 Nd6 35. b6 Rb7 36. Rcc1 Nxd5 37. e7 Rxb6 38. Re6 Rbxc6 39. Rxc6 Rxc6 40. e8=N+ Kf7 41. Rxd6 Rc5 42. Rd8 Ke7 43. Rb8 Nc3 44. Ng7 Kf6 45. Rb7 Re5 46. Kg2 Re7 47. Rxe7 Kxe7 48. g4 hxg4 49. h5 gxh5 50. Nxh5 Ke6 51. Kg3 Kf5 52. f3 gxf3 53. Kxf3 1/2-1/2


[Site "https://www.chess.com"]

[Event "Titled Tuesday Blitz January 03 Early 2023"]
[White "Costachi, Mihnea"]
[Black "Goroshkov, Maksym"]
[WhiteFideId "1217518"]
[BlackFideId "14142716"]
[WhiteElo "2476"]
[BlackElo "2287"]
[Result "1-0"]
[Round "11"]
[TimeControl "180+2"]
[Date "2023.01.03"]
[WhiteClock "0:00:52"]
[BlackClock "0:01:08"]

1. Nc3 Nf6 2. e4 e5 3. Bc4 Be7 4. Nf3 O-O 5. Nxe5 d5 6. exd5 Bd6 7. d4 Nbd7 8. Bf4 Ng4 9. Nxd7 Bxf4 10. Nxf8 Qxf8 11. h3 Nf6 12. Qf3 g5 13. g3 Qe7+ 14. Qe2 Qxe2+ 15. Bxe2 Bd6 16. Bf3 Bf5 17. O-O-O Re8 18. Rhe1 Rxe1 19. Rxe1 Bxh3 20. Nb5 Kf8 21. Nxa7 Bd7 22. c4 b6 23. Nc6 Bxc6 24. dxc6 h5 25. a4 h4 26. c5 bxc5 27. a5 cxd4 28. a6 Bc5 29. Re5 Ba7 30. Rxg5 d3 31. gxh4 Bxf2 32. Kd2 Ke7 33. Rb5 Kd6 34. Rb7 Ng8 35. a7 Bxa7 36. Rxa7 Ne7 37. Kxd3 Nf5 38. h5 1-0


[Site "https://www.chess.com"]

[Event "Titled Tuesday Blitz January 03 Early 2023"]
[White "Yuan, Qingyu"]
[Black "Aghasiyev, Kamal"]
[WhiteFideId "8609772"]
[BlackFideId "13402854"]
[WhiteElo "2373"]
[BlackElo "2441"]
[Result "0-1"]
[Round "11"]
[TimeControl "180+2"]
[Date "2023.01.03"]
[WhiteClock "0:00:08"]
[BlackClock "0:00:10"]

1. e4 e5 2. Nf3 Nc6 3. Bb5 a6 4. Ba4 Nf6 5. d3 b5 6. Bb3 Be7 7. a4 b4 8. O-O d6 9. h3 Be6 10. Nbd2 Na5 11. Bxe6 fxe6 12. c3 c5 13. d4 exd4 14. cxd4 O-O 15. b3 Qb6 16. Bb2 Rad8 17. Qe2 Qb7 18. Rfe1 Nh5 19. Rad1 Nf4 20. Qe3 cxd4 21. Nxd4 Bf6 22. N2f3 Bxd4 23. Nxd4 Nc6 24. Ne2 Ng6 25. Rd2 Rd7 26. Red1 Rfd8 27. Ng3 Qa7 28. Qg5 Qb6 29. Qg4 Kf7 30. Qf3+ Kg8 31. Qg4 Kf7 32. Kh2 Nce5 33. Qh5 Kg8 34. Qg5 Nf7 35. Qg4 d5 36. exd5 Rxd5 37. Rxd5 exd5 38. Nf5 Qb8+ 39. g3 Nfe5 40. Qe2 Rf8 41. Nd4 Qe8 42. Re1 Qf7 43. Kg2 Qb7 44. Qe3 h6 45. f4 Nc4 46. Qe6+ Kh7 47. bxc4 dxc4+ 48. Qc6 Qxc6+ 49. Nxc6 c3 50. Bc1 b3 51. Nd4 b2 52. Be3 Re8 53. Nc2 Rb8 54. Rb1 Ne7 55. Bd4 Nd5 56. Kf3 Re8 57. Be5 g5 58. Ke4 Nf6+ 59. Kd3 Nd5 60. Bxc3 gxf4 61. Rxb2 fxg3 62. Rb7+ Kg6 63. Rg7+ Kh5 64. Rxg3 Nf4+ 65. Kd2 Rd8+ 66. Ke3 Nd5+ 67. Ke4 Nb6 68. Be5 Nc4 69. Nd4 Re8 70. Nf3 Rf8 71. Bf4 Re8+ 72. Ne5 Nd6+ 73. Kf3 Nf5 74. Rg2 Nh4+ 75. Kg3 Nxg2 76. Kxg2 Rb8 77. a5 Rb5 78. Nc6 Rc5 79. Nd4 Rxa5 80. Ne6 Ra2+ 81. Kf3 a5 82. Nc5 a4 83. Be3 a3 84. Nd7 Rc2 85. Bd4 a2 86. Ne5 Rd2 87. Ke4 Rxd4+ 88. Kxd4 a1=Q+ 89. Ke4 Qh1+ 90. Kf4 Qxh3 91. Nf3 Qe6 92. Nd4 Qg4+ 93. Ke3 Qxd4+ 94. Kxd4 Kg4 95. Ke3 Kg3 96. Ke2 Kg2 97. Ke3 h5 98. Kf4 h4 99. Kg5 h3 0-1


[Site "https://www.chess.com"]

[Event "Titled Tuesday Blitz January 03 Early 2023"]
[White "Bodnaruk, Anastasia"]
[Black "Borges Feria, Yasel"]
[WhiteFideId "4181751"]
[BlackFideId "3504921"]
[WhiteElo "2350"]
[BlackElo "2439"]
[Result "1-0"]
[Round "11"]
[TimeControl "180+2"]
[Date "2023.01.03"]
[WhiteClock "0:01:21"]
[BlackClock "0:00:58"]

1. e4 e5 2. Nf3 Nc6 3. Bb5 a6 4. Ba4 Nf6 5. O-O Be7 6. Re1 b5 7. Bb3 d6 8. c3 O-O 9. h3 a5 10. a4 b4 11. d4 bxc3 12. bxc3 exd4 13. Nxd4 Nxd4 14. cxd4 Bb7 15. Nc3 d5 16. e5 Ne4 17. Nxe4 dxe4 18. d5 Qd7 19. Rxe4 Rad8 20. Rd4 Qf5 21. Qe2 Rfe8 22. Rf4 Qg6 23. Bc2 Qb6 24. Rb1 Qa7 25. Bxh7+ Kxh7 26. Qh5+ Kg8 27. Qxf7+ Kh7 28. Rf5 1-0


[Site "https://www.chess.com"]

[Event "Titled Tuesday Blitz January 03 Early 2023"]
[White "Manukian, Artak"]
[Black "Pakleza, Zbigniew"]
[WhiteFideId "13301373"]
[BlackFideId "1119290"]
[WhiteElo "2196"]
[BlackElo "2494"]
[Result "0-1"]
[Round "11"]
[TimeControl "180+2"]
[Date "2023.01.03"]
[WhiteClock "0:00:03"]
[BlackClock "0:00:14"]

1. e4 d6 2. d4 Nf6 3. f3 Nbd7 4. c4 e5 5. d5 Be7 6. Nc3 O-O 7. g4 Ne8 8. Bd3 Bg5 9. Nge2 g6 10. Ng3 Ng7 11. Bxg5 Qxg5 12. Qd2 Qf4 13. Qf2 Nc5 14. Bc2 a5 15. Nb5 Bd7 16. Nxc7 Rac8 17. Nb5 Bxb5 18. cxb5 Nd7 19. Bd1 Rc5 20. Ne2 Qf6 21. Nc3 Nb6 22. Be2 Rfc8 23. O-O Qg5 24. Kh1 h5 25. h3 Kf8 26. Rfe1 hxg4 27. hxg4 Qd2 28. Rab1 Nc4 29. Red1 Qh6+ 30. Qh2 Qxh2+ 31. Kxh2 Nxb2 32. Rxb2 Rxc3 33. b6 Ra3 34. Rdd2 Ne8 35. Rdc2 Rb8 36. Bb5 Rxf3 37. Rc4 Nf6 38. Rbc2 Kg7 39. Rc8 Rxc8 40. Rxc8 Ra3 41. Rc7 Rxa2+ 42. Kg1 Rb2 43. Bc6 bxc6 44. Rxc6 Nxe4 45. Rxd6 Nxd6 46. b7 Rxb7 47. g5 Rb2 0-1


[Site "https://www.chess.com"]

[Event "Titled Tuesday Blitz January 03 Early 2023"]
[White "Atakhan, Abtin"]
[Black "Demchenko, Anton"]
[WhiteFideId "22502203"]
[BlackFideId "4160258"]
[WhiteElo "2422"]
[BlackElo "2623"]
[Result "1-0"]
[Round "11"]
[TimeControl "180+2"]
[Date "2023.01.03"]
[WhiteClock "0:00:05"]
[BlackClock "0:00:09"]

1. Nf3 d5 2. d4 Bf5 3. Bf4 e6 4. e3 Bd6 5. Bd3 Bxf4 6. exf4 Ne7 7. O-O Bg4 8. h3 Bxf3 9. Qxf3 g6 10. Nd2 Qd6 11. Qe3 Nd7 12. a4 c5 13. Rfd1 c4 14. Bf1 Nf5 15. Qf3 Rg8 16. c3 g5 17. fxg5 Rxg5 18. b3 cxb3 19. Nxb3 O-O-O 20. c4 Rdg8 21. cxd5 Nh4 22. Qc3+ Kb8 23. g4 Qxd5 24. Qg3+ Ka8 25. Qxh4 Qxb3 26. Rab1 Qa3 27. Bg2 Nb6 28. Qxh7 R5g7 29. Qc2 f5 30. a5 Nd5 31. Rdc1 Rb8 32. a6 Qxa6 33. Ra1 Qb6 34. Rcb1 Qc6 35. Qa2 a6 36. Rc1 Qd6 37. Kh1 fxg4 38. Rab1 gxh3 39. Be4 h2 40. Qa5 Rbg8 41. Qd2 Rh8 42. Qb2 Rg1+ 43. Rxg1 hxg1=Q+ 44. Kxg1 Qh2+ 45. Kf1 Qc7 46. Qb3 Rf8 47. Bg2 Kb8 48. Kg1 Qd7 49. Qa3 Rd8 50. Rc1 Nf4 51. Qg3 Qd6 52. Bf1 Nh5 53. Qg5 Nf4 54. Qg3 Nd5 55. Qxd6+ Rxd6 56. Bg2 Nf4 57. Bf3 Rxd4 58. Rb1 Nd5 59. Re1 Nf4 60. Kh2 Rd7 61. Kg3 Rf7 62. Bg4 a5 63. Ra1 b6 64. Ra4 Ng6 65. Bxe6 Re7 66. Bf5 Ne5 67. Re4 Kc7 68. f4 Nc6 69. Rc4 Kd6 70. Be4 Nb4 71. Bf3 b5 72. Rd4+ Kc5 73. Rd8 a4 74. f5 Rf7 75. Kf4 a3 76. Ra8 a2 77. Ke5 Re7+ 78. Kf6 Re3 79. Bb7 Re2 80. Kg7 Rg2+ 81. Bxg2 Kc4 82. f6 Kb3 83. f7 Kb2 84. Rxa2+ Nxa2 85. f8=Q b4 86. Bd5 Nc3 87. Qxb4+ Kc2 88. Bb3+ Kd2 89. Kf6 Kd3 90. Qc4+ Kd2 91. Qd4+ 1-0


[Site "https://www.chess.com"]

[Event "Titled Tuesday Blitz January 03 Early 2023"]
[White "Gunina, Valentina"]
[Black "Aloma Vidal, Robert"]
[WhiteFideId "4167570"]
[BlackFideId "2260409"]
[WhiteElo "2469"]
[BlackElo "2442"]
[Result "0-1"]
[Round "11"]
[TimeControl "180+2"]
[Date "2023.01.03"]
[WhiteClock "0:02:25"]
[BlackClock "0:00:42"]

1. d4 d5 2. c4 c6 3. Nf3 Nf6 4. Nc3 e6 5. e3 Nbd7 6. Be2 b6 7. b3 Bb7 8. Bb2 Bd6 9. O-O O-O 10. Bd3 c5 11. cxd5 exd5 12. Rc1 Rc8 13. Nb5 Bb8 14. h3 a6 15. Nc3 c4 16. bxc4 dxc4 17. Bb1 b5 18. Ng5 b4 19. Nce4 Nxe4 20. Nxe4 f5 21. Nd2 Nb6 22. Ba1 a5 23. Nf3 Qd5 24. Re1 Rfe8 25. Qc2 g6 26. Qe2 Qd7 27. Ne5 Bxe5 28. dxe5 Qc6 29. f4 c3 30. a3 Red8 31. axb4 axb4 32. Ba2+ Kg7 33. Qc2 Rd2 34. Qxd2 cxd2 35. e6+ Kf8 0-1


[Site "https://www.chess.com"]

[Event "Titled Tuesday Blitz January 03 Early 2023"]
[White "Avila Pavas, Santiago"]
[Black "Vlassov, Nikolai"]
[WhiteFideId "4437128"]
[BlackFideId "4103360"]
[WhiteElo "2522"]
[BlackElo "2283"]
[Result "0-1"]
[Round "11"]
[TimeControl "180+2"]
[Date "2023.01.03"]
[WhiteClock "0:00:22"]
[BlackClock "0:00:15"]

1. d4 Nf6 2. Nf3 e6 3. Bf4 c5 4. e3 b6 5. Nbd2 Bb7 6. c3 Be7 7. Bd3 d6 8. Qe2 Nbd7 9. O-O-O Nh5 10. Bg3 Qc7 11. Kb1 O-O-O 12. e4 Kb8 13. Rc1 g5 14. Rhd1 Nf4 15. Qe3 Nxg2 16. Qe2 Nf4 17. Qe3 e5 18. d5 f5 19. c4 Nxd3 20. Qxd3 f4 21. Nf1 h5 22. h4 g4 23. N3d2 fxg3 24. fxg3 Bc8 25. Ne3 Nf6 26. Rf1 Rdf8 27. Nf5 Bxf5 28. Rxf5 Nd7 29. Rcf1 Qd8 30. R1f2 Qe8 31. Nf1 Rxf5 32. Rxf5 Rf8 33. Ne3 Rxf5 34. Nxf5 Bf8 35. Qe3 Qg6 36. Kc2 Nf6 37. Kd3 Ng8 38. Qg5 Qxg5 39. hxg5 Kc7 40. g6 Kd7 41. a3 a6 42. a4 Bh6 43. b3 Bg5 44. Kc2 Bf6 45. Kd3 Ne7 46. g7 Ng8 47. Ke3 Bg5+ 48. Kd3 Bd8 49. Ke3 Bc7 50. Kd3 Ke8 51. Ke3 Kf7 52. Kd3 Nf6 53. Ke3 Ne8 54. Ne7 Kxg7 55. Nc6 Kf6 56. Na7 Ke7 57. Nc8+ Kd7 58. Na7 Ng7 59. Nc6 Ne8 60. Na7 Nf6 61. Nc6 Ng8 62. Na7 Ne7 63. Kf2 Bb8 64. Nc6 Nxc6 65. dxc6+ Kxc6 66. Kg2 b5 0-1


[Site "https://www.chess.com"]